 Dungeon Crawl Stone Soup version 0.28.0-45-g0d030f2227 (webtiles) character file.

Game seed: 12649187624180370686

118 seaoflcl the Covered (level 5, -2/42 HPs)
             Began as a Human Fighter on Apr 10, 2022.
             Was a Follower of Dithmenos.
             Slain by a wyvern skeleton (7 damage)
             ... on level 3 of the Dungeon.
             The game lasted 00:02:10 (1836 turns).

seaoflcl the Covered (Human Fighter)                Turns: 1836, Time: 00:02:11

Health: -2/42      AC:  9    Str: 18    XL:     5   Next: 23%
Magic:  5/5        EV:  9    Int:  8    God:    Dithmenos [*.....]
Gold:   82         SH:  5    Dex: 13    Spells: 4/4 levels left

rFire   . . .      SeeInvis .   a - +0 long sword
rCold   . . .      Faith    .   c - +0 buckler
rNeg    . . .      Spirit   .   b - +0 scale mail
rPois   .          Reflect  .   i - +2 hat
rElec   .          Harm     .   (no cloak)
rCorr   .          Rampage  .   (no gloves)
Will    .....                   (no boots)
Stlth   ..........              (no amulet)
HPRegen 0.14/turn               (no ring)
MPRegen 0.09/turn               (no ring)

@: wreathed by umbra
A: no striking features
a: Renounce Religion


You were on level 3 of the Dungeon.
You worshipped Dithmenos.
Dithmenos was aware of your devotion.
You visited 1 branch of the dungeon, and saw 3 of its levels.

You collected 82 gold pieces.

Inventory:

Hand Weapons
 a - a +0 long sword (weapon)
Armour
 b - a +0 scale mail (worn)
 c - a +0 buckler (worn)
 i - a +2 hat (worn)
Jewellery
 f - a ring of positive energy
Scrolls
 k - a scroll of vulnerability {unknown}
Potions
 d - a potion of might
 e - a potion of heal wounds
 g - 2 potions of lignification
 j - a potion of haste {unknown}
 l - 3 potions of degeneration
 m - a potion of curing {unknown}


   Skills:
 + Level 3.7 Fighting
 + Level 3.1 Long Blades
 + Level 3.9 Armour
 + Level 0.6 Dodging
 + Level 3.3 Shields


You had 4 spell levels left.
You didn't know any spells.
Your spell library contained the following spells:

 Spells                   Type           Power      Damage    Failure   Level
 Ensorcelled Hibernation  Hex/Ice        0%         N/A       95%         2
 Passwall                 Tmut/Erth      0%         N/A       95%         2
 Swiftness                Air            0%         N/A       99%         3


Dungeon Overview and Level Annotations

Branches:
Dungeon (3/15)

Altars:
Dithmenos


Message History

You closely miss the goblin.
The goblin hits you but does no damage. x2
You barely miss the goblin. The goblin barely misses you.
You barely miss the goblin. The goblin hits you but does no damage.
You hit the goblin.
The goblin is heavily wounded.
The wyvern skeleton bites you but does no damage.
The goblin hits you but does no damage. The wyvern skeleton bites you.
You slash the goblin!
You kill the goblin!
Dithmenos accepts your kill. The wyvern skeleton closely misses you.
The wyvern skeleton bites you!
You slash the wyvern skeleton!
The wyvern skeleton is moderately damaged.
The wyvern skeleton bites you.
The wyvern skeleton bites you but does no damage.
You slash the wyvern skeleton!
The wyvern skeleton is heavily damaged.
The wyvern skeleton barely misses you. x2
You hit the wyvern skeleton.
The wyvern skeleton is heavily damaged.
The wyvern skeleton barely misses you.
You barely miss the wyvern skeleton.
The wyvern skeleton is heavily damaged.
The wyvern skeleton closely misses you. The wyvern skeleton bites you!
You slash the wyvern skeleton!
The wyvern skeleton is severely damaged.
The wyvern skeleton bites you but does no damage.
You hit the wyvern skeleton.
The wyvern skeleton is almost destroyed.
The wyvern skeleton bites you but does no damage.
The wyvern skeleton barely misses you.
You hit the wyvern skeleton.
The wyvern skeleton is almost destroyed.
The wyvern skeleton bites you!
* * * LOW HITPOINT WARNING * * *
You block the wyvern skeleton's attack.
You hit the wyvern skeleton.
The wyvern skeleton is almost destroyed.
The wyvern skeleton bites you!
You die...

############
######..........
#.......###..#
#.#....)...<.##
#..(...#....#
#...........#
#.##.#..###......
#......@..........
#.##.##Z#########<#
# #...)# # #....#
##...# ....# ......
##...## #...


You could see a wyvern skeleton.

Vanquished Creatures
  An ice beast (D:3)
  2 dart slugs (D:1)
  2 ball pythons (D:1)
  6 endoplasms
  A goblin (D:3)
  3 hobgoblins
  A quokka (D:1)
  A bat (D:1)
  2 frilled lizards (D:1)
  5 rats
24 creatures vanquished.

Notes
Turn   | Place    | Note
-------+----------+-------------------------------------------
     0 | D:1      | seaoflcl the Human Fighter began the quest for the Orb.
     0 | D:1      | Reached XP level 1. HP: 18/18 MP: 1/1
   230 | D:1      | Reached XP level 2. HP: 24/24 MP: 2/2
   555 | D:1      | Reached XP level 3. HP: 26/29 MP: 3/3
   592 | D:1      | Found a faded altar of an unknown god.
   603 | D:1      | Prayed at the altar of an unknown god.
   603 | D:1      | Became a worshipper of Dithmenos the Shadowed
   603 | D:1      | Reached * piety under Dithmenos
  1727 | D:3      | Noticed an ice beast
  1737 | D:3      | Killed an ice beast
  1738 | D:3      | Reached XP level 4. HP: 27/37 MP: 4/4
  1738 | D:3      | Reached XP level 5. HP: 31/42 MP: 5/5
  1836 | D:3      | Slain by a wyvern skeleton

Illustrated notes

Levels and vault maps discovered:
D:1:      minmay_arrival_hallway, layout_rooms,
          nicolae_ecumenical_snake_handling
D:2:      layout_basic
D:3:      layout_loops_cross, nicolae_dithmenos_the_darkroom, serial_shops,
          nicolae_diamond_shop, minivault_4

Skill      XL: |  1  2  3 |
---------------+----------+-----
Long Blades    | 3 |  3.1
Fighting       | |  3.7
Armour         | |  3.9
Dodging        | |  0.6
Shields        | |  3.3

Action                   |  1- 3 |  4- 6 || total
-------------------------+-------+-------++-------
Melee: Long sword        |    66 |    15 ||    81
  Use: Scroll            |     3 |       ||     3
Armor: Scale mail        |    29 |    10 ||    39
Dodge: Dodged            |    25 |     7 ||    32
Block: Buckler           |    13 |     2 ||    15
